Map: Lost and Found LE

Players

Bly - Winner!

  • Race: Zerg Zerg
  • League: Master
  • Spawn Location: 7:00

LiquidTaeJa (TaeJa)

  • Race: Terran Terran
  • League: Diamond
  • Spawn Location: 1:00

Event: HomeStory Cup XVIII

VOD

Have the link to the VOD?

Description

Time

  • Played on: Nov. 24, 2018, 2:33 p.m.
  • Length: 20:11

All games in this series

Show
View Real Time Build Order
Export as new Build Order

Bly Zerg - Winner!

Build Orders: Hatch First, Muta Ling Bane 

Get SALT Encoding   

  12  0:03  Drone  
  13  0:13  Overlord  
  13  0:20  Drone  
  14  0:31  Drone x2  
  16  0:48  Hatchery  
  15  0:52  Drone  
  15  0:55  Drone  
  17  1:00  Drone  
  18  1:09  Extractor  
  17  1:15  Spawning Pool  
  17  1:17  Drone  
  17  1:20  Drone  
  18  1:29  Drone  
  19  1:40  Overlord  
  19  1:52  Drone  
  20  2:01  Queen x2  
  20  2:03  Zergling x4  
  26  2:12  Drone x2  
  26  2:14  Metabolic Boost  
  28  2:31  Hatchery  
  27  2:37  Drone x3  
  27  2:43  Drone  
  27  2:44  Drone  
  31  2:53  Queen  
  33  2:59  Drone x2  
  33  3:00  Overlord  
  35  3:15  Overlord  
  35  3:23  Drone x5  
  40  3:27  Drone  
  40  3:29  Queen  
  40  3:31  Overlord  
  42  3:37  Queen  
  44  3:43  Zergling x6  
  44  3:48  Queen  
  47  3:49  Drone x3  
  47  3:51  Drone  
  53  3:58  Drone x3  
  53  4:01  Overlord  
  56  4:05  Drone  
  56  4:06  Drone x2  
  56  4:07  Drone  
  60  4:14  Zergling x2  
  61  4:19  Zergling x2  
  61  4:20  Zergling x8  
  66  4:25  Zergling x2  
  66  4:30  Drone x2  
  69  4:32  Overlord  
  67  4:39  Drone x4  
  67  4:40  Drone  
  72  4:45  Evolution Chamber  
  72  4:47  Drone x2  
  72  4:51  Drone  
  74  4:58  Spore Crawler  
  74  4:59  Spore Crawler x2  
  71  5:00  Drone x2  
  71  5:01  Drone x2  
  74  5:07  Drone x2  
  74  5:11  Drone x2  
  78  5:14  Zerg Ground Armor Level 1  
  78  5:16  Extractor, Drone x2  
  78  5:17  Extractor, Evolution Chamber  
  78  5:19  Drone x4  
  81  5:30  Lair  
  81  5:31  Extractor, Drone x2  
  81  5:34  Hatchery  
  80  5:36  Spore Crawler  
  80  5:38  Hatchery  
  78  5:43  Zergling x8  
  80  5:50  Queen  
  80  5:55  Drone x2  
  82  6:03  Extractor, Drone x2  
  82  6:04  Extractor  
  80  6:05  Overlord x3  
  80  6:11  Overlord  
  79  6:23  Drone x7  
  80  6:32  Drone x6  
  84  6:34  Overseer  
  84  6:39  Overlord  
  82  6:47  Zergling x8  
  82  6:48  Zergling x4  
  82  6:50  Zerg Melee Weapons Level 1  
  82  6:53  Queen x4, Zergling x6  
  82  6:54  Baneling Nest  
  98  6:55  Spire  
  98  6:58  Zergling x4  
  99  7:02  Zergling x6  
  99  7:05  Zergling x6  
  99  7:06  Overseer  
  105  7:09  Zergling x8  
  105  7:12  Zerg Ground Armor Level 2  
  105  7:13  Zergling x2  
  105  7:14  Hatchery, Zergling x4  
  111  7:20  Zergling x6  
  114  7:25  Overlord  
  114  7:33  Drone x10  
  114  7:36  Extractor, Overlord  
  123  7:39  Overlord, Centrifical Hooks  
  116  7:55  Zergling x18  
  116  7:56  Baneling x4  
  123  8:05  Extractor, Zergling x22  
  116  8:08  Zergling x2  
  116  8:09  Baneling x9  
  116  8:24  Zergling x18  
  101  8:36  Mutalisk x9  
  117  8:42  Zergling x6  
  117  8:45  Baneling x8  
  120  8:50  Zerg Melee Weapons Level 2  
  120  8:53  Zergling x12  
  126  9:07  Zergling x18  
  121  9:20  Zergling x14  
  121  9:22  Mutalisk x6  
  139  9:29  Drone x9  
  147  9:37  Zergling x6  
  150  9:40  Zergling x2  
  150  9:41  Zergling x4  
  150  9:42  Baneling x15  
  153  9:55  Zergling x12  
  156  10:04  Overlord x2  
  156  10:07  Overlord, Zerg Flyer Weapons Level 1  
  156  10:08  Overlord  
  156  10:10  Overlord  
  140  10:23  Zergling x38  
  153  10:33  Zergling x2  
  148  10:37  Extractor  
  148  10:38  Extractor  
  142  10:43  Zergling x10  
  145  10:51  Zergling x10  
  145  10:55  Overseer x2  
  145  10:56  Pneumatized Carapace  
  150  10:58  Mutalisk  
  150  10:59  Mutalisk x4  
  160  11:09  Zergling x10  
  160  11:11  Baneling x4  
  165  11:14  Hatchery  
  153  11:30  Baneling x27  
  148  11:34  Mutalisk x4  
  148  11:35  Hatchery  
  155  11:41  Burrow  
  155  11:44  Overlord  
  140  11:59  Overseer  
  136  12:02  Overseer x2  
  136  12:03  Mutalisk x2  
  136  12:05  Zergling x36  
  157  12:08  Baneling x4  
  157  12:26  Mutalisk  
  157  12:27  Mutalisk x2  
  157  12:28  Zergling x2  
  157  12:29  Zergling x30  
  175  12:48  Zergling x20  
  176  13:01  Mutalisk x6  
  176  13:03  Zergling x20  
  180  13:17  Zergling x14  
  187  13:20  Overseer  
  187  13:22  Baneling x5  
  185  13:33  Baneling x14  
  174  13:48  Zergling x36  
  185  13:58  Zerg Flyer Weapons Level 2  
  185  13:59  Mutalisk x4  
  185  14:00  Infestation Pit  
  181  14:12  Mutalisk x2  
  185  14:22  Drone  
  185  14:23  Drone x8, Overlord  
  182  14:39  Hive  
  182  14:40  Mutalisk x5  
  192  14:45  Baneling x6  
  166  15:16  Baneling x2  
  164  15:22  Zergling x20  
  164  15:23  Zergling x34  
  191  15:39  Extractor  
  188  15:43  Zergling x10  
  188  15:44  Overlord x3  
  188  15:48  Spore Crawler x2  
  191  15:54  Adrenal Glands  
  191  15:55  Zerg Ground Armor Level 3  
  191  15:56  Zerg Melee Weapons Level 3  
  191  15:58  Ultralisk Cavern  
  190  16:30  Greater Spire  
  161  16:47  Zergling x26  
  161  16:48  Overlord, Zergling x2  
  161  16:51  Chitinous Plating  
  170  17:07  Zergling x2  
  170  17:08  Zergling x28  
  176  17:10  Overlord  
  176  17:11  Ultralisk x3  
  176  17:14  Overseer  
  192  17:19  Hatchery  
  165  17:43  Ultralisk x3  
  146  17:51  Zergling x20  
  150  18:20  Hatchery  
  150  18:21  Infestor x6  
  159  18:37  Baneling x3  
  159  18:39  Drone  
  159  18:40  Drone x2  
  149  19:11  Drone  
  149  19:12  Drone x2  
  149  19:14  Ultralisk x4  
  149  19:15  Ultralisk x2  
  181  19:21  Baneling x2  
  181  19:26  Overseer  
  181  19:44  Zergling x8  
  181  19:45  Zergling x24  
  196  19:50  Overseer x4  
Show
View Real Time Build Order
Export as new Build Order

LiquidTaeJa Terran 

Build Orders: Reaper Expand, Hellion Banshee 

Get SALT Encoding   

  12  0:00  SCV  
  13  0:12  SCV  
  14  0:17  Supply Depot  
  14  0:24  SCV  
  15  0:38  SCV  
  15  0:40  Barracks  
  16  0:43  Refinery  
  16  0:50  SCV  
  17  1:02  SCV  
  18  1:14  SCV  
  19  1:27  Reaper, Orbital Command  
  20  1:37  Command Center  
  20  1:46  Supply Depot  
  20  1:52  SCV  
  21  1:59  Marine  
  22  2:04  SCV  
  22  2:06  Factory  
  23  2:12  Refinery  
  23  2:16  SCV  
  23  2:21  Barracks Reactor  
  24  2:28  SCV  
  25  2:40  SCV  
  26  2:49  Orbital Command  
  26  2:52  Starport, SCV  
  27  3:02  Hellion x2  
  27  3:05  SCV  
  32  3:09  Barracks Tech Lab  
  32  3:11  Supply Depot  
  32  3:15  SCV  
  32  3:17  SCV  
  33  3:23  Hellion x2  
  37  3:27  SCV  
  37  3:29  SCV  
  39  3:37  Cloaking Field, Banshee  
  39  3:38  Barracks Tech Lab  
  39  3:39  SCV  
  39  3:41  SCV  
  44  3:46  Hellion x2  
  48  3:54  Supply Depot, SCV x2  
  50  3:58  Stimpack  
  50  4:06  SCV x2  
  50  4:08  Marine  
  53  4:14  Factory Reactor  
  53  4:16  Command Center  
  53  4:18  SCV x2  
  53  4:23  Banshee  
  58  4:26  Supply Depot  
  58  4:30  Marine, SCV x2  
  61  4:42  SCV  
  62  4:45  Barracks  
  62  4:47  Barracks  
  62  4:48  SCV  
  62  4:50  Marine  
  64  4:54  Engineering Bay  
  64  4:55  Engineering Bay  
  64  4:56  Factory Reactor  
  64  4:57  SCV  
  65  5:00  SCV  
  66  5:07  Refinery x2  
  66  5:08  Marine  
  66  5:09  SCV  
  66  5:12  SCV  
  69  5:17  Starport Reactor  
  69  5:19  Supply Depot  
  69  5:21  SCV  
  70  5:23  Terran Infantry Weapons Level 1, Terran Infantry Armor Level 1  
  70  5:24  Supply Depot  
  70  5:28  SCV  
  71  5:32  Marine x2  
  71  5:33  Marine  
  75  5:35  SCV x2  
  75  5:40  Marine x2  
  75  5:42  Widow Mine x2  
  82  5:50  Marine x2  
  82  5:51  Marine  
  82  5:54  SCV x2  
  82  5:55  Orbital Command  
  87  5:59  Supply Depot, Marine x2  
  87  6:02  Combat Shield  
  89  6:08  Barracks  
  89  6:09  Marine x3  
  89  6:10  Barracks  
  92  6:13  Widow Mine x2  
  96  6:19  Marine x2  
  96  6:24  Orbital Command  
  86  6:27  Marine x3, SCV x2  
  91  6:33  Supply Depot  
  91  6:35  Widow Mine x2  
  91  6:36  Marine  
  91  6:37  Marine  
  91  6:39  Supply Depot  
  97  6:40  Armory  
  97  6:45  SCV  
  97  6:46  SCV  
  99  6:51  SCV  
  100  6:57  Marine x3, Medivac x2  
  100  6:58  SCV  
  100  6:59  Barracks Reactor  
  108  7:01  Barracks Reactor  
  108  7:03  SCV x2  
  108  7:08  Widow Mine x2  
  114  7:10  SCV  
  115  7:18  Supply Depot x2, SCV x2  
  115  7:21  Marine x4  
  115  7:22  Marine, SCV  
  122  7:27  Terran Infantry Armor Level 2, Terran Infantry Weapons Level 2  
  122  7:30  SCV  
  122  7:35  Factory, SCV x2  
  125  7:40  Supply Depot, Widow Mine x2  
  125  7:42  SCV  
  130  7:44  Supply Depot  
  126  7:51  Marine x2  
  126  7:52  Marine  
  126  7:53  Marine x2  
  126  7:54  Marine x2  
  129  8:00  Medivac x2  
  129  8:01  Widow Mine x2, Marine x2  
  129  8:02  SCV x3  
  141  8:09  Marine, Refinery, Unknown  
  141  8:11  Command Center  
  140  8:24  Marine  
  140  8:25  Marine  
  140  8:26  Widow Mine x2, Factory Tech Lab  
  118  8:35  Marine x5, Marauder  
  116  8:41  Marine  
  116  8:42  Supply Depot, Marine, Medivac x2  
  116  8:43  Supply Depot x2  
  116  8:45  Drilling Claws  
  116  8:46  Widow Mine  
  116  8:48  Marine  
  122  8:53  Marine x2  
  128  8:55  Widow Mine x2  
  128  8:56  Barracks  
  128  8:57  Marauder, Marine x2  
  128  8:58  Marine  
  128  8:59  Marine, Barracks x2  
  134  9:04  Terran Vehicle And Ship Armor Level 1  
  129  9:10  Marine x2  
  125  9:19  Widow Mine x2, Marine x2  
  125  9:20  Marine  
  123  9:26  SCV x2  
  123  9:27  Marine x3, Marauder  
  123  9:28  Marine  
  123  9:29  Missile Turret  
  130  9:31  Missile Turret  
  130  9:33  Missile Turret x2  
  130  9:34  Missile Turret  
  130  9:35  Thor  
  130  9:37  SCV  
  130  9:38  SCV  
  138  9:40  Widow Mine  
  138  9:43  Marine x2  
  138  9:45  SCV  
  142  9:47  Missile Turret, Barracks Tech Lab x2  
  142  9:49  SCV  
  142  9:51  SCV  
  137  9:55  Marine x2  
  137  9:56  Marine x2  
  137  9:57  SCV  
  137  9:59  Marine x2  
  143  10:06  Terran Infantry Weapons Level 3  
  142  10:11  Marine  
  142  10:12  Marine, Marauder  
  142  10:14  Marine  
  135  10:18  Orbital Command  
  134  10:22  Marine x6  
  131  10:32  SCV x2  
  123  10:36  Widow Mine x2  
  123  10:39  Planetary Fortress  
  125  10:44  Widow Mine, SCV  
  125  10:48  SCV x2  
  125  10:49  Marine x2  
  131  10:56  SCV  
  132  10:57  Widow Mine  
  132  10:59  Terran Infantry Armor Level 3  
  132  11:00  Marine  
  132  11:01  Marine  
  132  11:03  Marine  
  135  11:07  Marine x2  
  135  11:09  Marine  
  135  11:11  Marine  
  137  11:13  Marine x2  
  137  11:14  Marine  
  139  11:24  SCV x3  
  139  11:25  SCV  
  140  11:27  Marine x3  
  143  11:33  Medivac x2  
  143  11:36  SCV  
  148  11:42  Marine x3  
  148  11:44  Marauder x2  
  148  11:57  Marine x2  
  144  12:01  Marine x2  
  144  12:04  SCV x2  
  144  12:07  Command Center  
  147  12:09  Thor, Widow Mine  
  147  12:10  Widow Mine  
  147  12:12  Marine x2  
  159  12:18  Marine x2  
  161  12:26  Marine x2  
  161  12:27  Marine, Marauder  
  166  12:30  Supply Depot  
  166  12:31  Widow Mine x2  
  166  12:32  Marine x2  
  166  12:35  Marine  
  173  12:44  Marine  
  172  12:58  Marine, Liberator x2  
  165  12:59  Marine  
  165  13:01  Marine x2  
  165  13:05  Factory Reactor  
  154  13:07  Factory Tech Lab  
  154  13:08  SCV x2  
  148  13:14  Widow Mine x2  
  148  13:18  Planetary Fortress, SCV  
  159  13:20  SCV  
  159  13:21  Missile Turret  
  159  13:23  Missile Turret  
  159  13:25  Marauder  
  160  13:36  Marine x2  
  160  13:37  Marine x2  
  160  13:38  SCV x2  
  160  13:39  Marine  
  160  13:40  Marine x3  
  168  13:42  Marine  
  168  13:47  Marine x2  
  169  13:53  Marine x2  
  169  13:55  Marine x2  
  165  13:56  Widow Mine x2  
  165  13:57  Marine  
  172  14:05  SCV x2  
  174  14:17  Thor  
  174  14:24  Missile Turret x2  
  180  14:25  Missile Turret  
  180  14:26  Missile Turret, Widow Mine x2  
  180  14:27  Missile Turret, Terran Vehicle And Ship Armor Level 2  
  180  14:32  Marauder x2  
  180  14:36  Marine x2  
  186  14:41  Marine x2  
  186  14:42  Marauder, Marine x3  
  186  14:43  Marine  
  192  14:52  Command Center  
  192  14:55  Supply Depot  
  192  14:58  Supply Depot  
  184  15:13  Marine x2  
  172  15:23  Supply Depot  
  172  15:24  Supply Depot, Widow Mine x2  
  172  15:25  Thor  
  180  15:29  Sensor Tower  
  180  15:36  Unknown x12  
  180  15:40  Marauder  
  180  15:45  Marauder  
  180  15:46  Marine  
  180  15:49  Widow Mine x2  
  187  15:53  Neosteel Armor  
  187  15:54  Marine x2  
  189  15:58  Marine  
  189  15:59  Marine  
  189  16:00  Marine  
  189  16:01  Marine x2  
  189  16:02  Marine x2  
  189  16:04  Marine, Medivac x2  
  192  16:05  Marine  
  187  16:12  Marine x2  
  187  16:16  Marine x2  
  185  16:18  Marine  
  185  16:19  Marine  
  185  16:24  Marine x3  
  191  16:26  Marauder, Marine  
  191  16:30  Marine  
  191  16:32  Widow Mine x2  
  198  16:33  Widow Mine  
  200  16:42  Marine  
  200  16:44  Marine  
  190  16:57  Supply Depot  
  190  16:58  Supply Depot  
  190  17:06  Widow Mine x2, Marine x3, Marauder  
  184  17:17  Marine x2, Marauder  
  184  17:18  Marine  
  182  17:25  Marine  
  182  17:26  Marine, Medivac  
  182  17:27  Medivac  
  182  17:28  Marauder  
  167  17:38  Marine x2  
  167  17:39  Marine  
  167  17:41  Marauder  
  167  17:42  Marauder  
  167  17:43  Marine  
  167  17:44  Marine  
  147  17:47  Widow Mine x2  
  147  17:49  Marauder  
  147  17:50  Widow Mine  
  127  17:56  Marine x3  
  130  18:01  Marine  
  130  18:02  Marine x2  
  133  18:07  Marine  
  133  18:09  Widow Mine x2  
  133  18:10  Marine  
  139  18:17  Marine x2  
  141  18:21  Marine x2  
  141  18:22  Orbital Command, Barracks Reactor  
  143  18:27  Marine x2  
  143  18:34  Missile Turret x2  
  145  18:35  Bunker  
  145  18:44  Marine x2, Marauder  
  145  18:45  Marauder  
  145  18:46  Unknown x8  
  145  18:47  Unknown x10  
  149  18:52  Marine  
  150  18:58  Marine x2  
  150  19:02  Marine x2  
  141  19:12  Marauder  
  141  19:13  Marauder x2  
  141  19:15  Marine  
  141  19:16  Marine  
  150  19:19  Barracks Tech Lab  
  150  19:20  Marine x2  
  145  19:31  Marine  
  145  19:32  SCV x2  
  145  19:33  Marine  
  145  19:34  Marauder  
  145  19:36  Orbital Command  
  151  19:44  SCV x2  
  152  19:47  Widow Mine x2  
Tags
 
Add a new tag
Caveats
  • Supply blocks, unpowered buildings, or Contaminate may cause inaccurate times.
  • Supply counts are checked every 10 seconds.